BSA
IRVINE GANG GREEN @ MAUI TROPICS
09/05/2030
 
TOP OF THE 1ST
Irvine Gang Green batting - Pitching for Maui Tropics : RHP Cliff Erwin
Pitching: RHP Cliff Erwin
Batting: RHB Tomás Carranza 0-0: Ball
1-0: Ball
2-0: Foul Ball, location: 2F
2-1: Ball
3-1: Base on Balls
Batting: LHB Tony Tavárez 0-0: Ball
1-0: Fly out, F5 (Popup, 5)
Batting: LHB Jeff Daniels 0-0: Ball
Throwing error on steal attempt, E2
Tomás Carranza to third
1-0: Called Strike
1-1: Ball
2-1: SINGLE (Groundball, 6MS) (infield hit)
Tomás Carranza scores
Batting: SHB Nick Cox 0-0: Swinging Strike
0-1: Swinging Strike
0-2: Strikes out looking
Batting: LHB Víctor Quiñones 0-0: Called Strike
0-1: SINGLE (Groundball, 4MD)
Jeff Daniels to second
Batting: RHB Carlos García 0-0: Foul Ball, location: 2F
0-1: Called Strike
0-2: Foul Ball, location: 2F
0-2: Ball
1-2: Foul Ball, location: 2F
1-2: Hit by Pitch
Jeff Daniels to third
Víctor Quiñones to second
Batting: RHB Ron Elazar 0-0: Called Strike
0-1: Swinging Strike
0-2: Ball
Wild Pitch!
Jeff Daniels scores
Víctor Quiñones to third
Carlos García to second
1-2: Fly out, F7 (Line Drive, 7LM)
Top of the 1st over - 2 runs, 2 hits, 1 error, 2 left on base; Irvine 2 - Maui 0
BOTTOM OF THE 1ST
Maui Tropics batting - Pitching for Irvine Gang Green : RHP Jesús De Los Santos
Pitching: RHP Jesús De Los Santos
Batting: RHB Roberto Gómez 0-0: Ball
1-0: Foul Ball, location: 2F
1-1: Ball
2-1: Foul Ball, location: 2F
2-2: Ball
3-2: Base on Balls
Batting: LHB Dave Cook 0-0: Called Strike
0-1: Foul Ball, location: 2F
0-2: Ball
1-2: Ball
2-2: Ball
3-2: Grounds into double play, 4-6-3 (Groundball, 4M)
Batting: RHB Jesús Espinoza 0-0: Ball
1-0: Foul Ball, location: 2F
1-1: Foul Ball, location: 2F
1-2: Foul Ball, location: 2F
1-2: Strikes out swinging
Bottom of the 1st over - 0 runs, 0 hits, 0 errors, 0 left on base; Irvine 2 - Maui 0
TOP OF THE 2ND
Irvine Gang Green batting - Pitching for Maui Tropics : RHP Cliff Erwin
Batting: RHB José Salazar 0-0: Ball
1-0: Ball
2-0: Ground out 6-3 (Groundball, 6)
Batting: RHB Ronnie Brown 0-0: Ball
1-0: Called Strike
1-1: Ground out 5-3 (Groundball, 56)
Batting: RHB Tomás Carranza 0-0: Ground out 4-3 (Groundball, 4)
Top of the 2nd over - 0 runs, 0 hits, 0 errors, 0 left on base; Irvine 2 - Maui 0
BOTTOM OF THE 2ND
Maui Tropics batting - Pitching for Irvine Gang Green : RHP Jesús De Los Santos
Batting: RHB Luis Alou 0-0: SINGLE (Groundball, 56D)
Batting: LHB Luis Antonio Torres 0-0: Swinging Strike
0-1: Ball
1-1: Called Strike
1-2: SINGLE (Groundball, 6D)
Luis Alou to second
Batting: LHB Ernesto López 0-0: Ball
1-0: Foul Ball, location: 2F
1-1: Ball
2-1: 3-RUN HOME RUN (Line Drive, 9LD), Distance : 350 ft
Batting: RHB Michael Woodruff 0-0: Ball
1-0: Called Strike
1-1: SINGLE (Flyball, 78M)
Batting: RHB Matt Silver 0-0: Ball
1-0: Foul Ball, location: 2F
1-1: Foul Ball, location: 2F
1-2: Ball
2-2: Fly out, F8 (Flyball, 8RXD)
Batting: RHB John Brown 0-0: Called Strike
0-1: Swinging Strike
0-2: SINGLE (Groundball, 6) (infield hit)
Michael Woodruff to second
Pinch Runner at 1st Bo Vickers:
Batting: RHB Roberto Gómez 0-0: Foul Ball, location: 2F
0-1: Fly out, F7 (Flyball, 7LS)
Batting: LHB Dave Cook 0-0: Ball
1-0: Foul Ball, location: 2F
1-1: Foul Ball, location: 2F
1-2: Ball
2-2: Strikes out swinging
Bottom of the 2nd over - 3 runs, 5 hits, 0 errors, 2 left on base; Irvine 2 - Maui 3
TOP OF THE 3RD
Irvine Gang Green batting - Pitching for Maui Tropics : RHP Cliff Erwin
Now at 2B: Bo Vickers
Batting: LHB Tony Tavárez 0-0: Called Strike
0-1: Ball
1-1: Called Strike
1-2: Ball
2-2: Fly out, F7 (Flyball, 7LSF)
Batting: LHB Jeff Daniels 0-0: Called Strike
0-1: Foul Ball, location: 2F
0-2: Ball
1-2: SINGLE (Flyball, 8LS)
Batting: SHB Nick Cox 0-0: Ball
1-0: TRIPLE (Line Drive, 8RXD)
Jeff Daniels scores
Batting: LHB Víctor Quiñones 0-0: Ball
1-0: Called Strike
1-1: Ball
2-1: Ball
3-1: Called Strike
3-2: Strikes out swinging
Batting: RHB Carlos García 0-0: Ball
1-0: Ball
2-0: Called Strike
2-1: Foul Ball, location: 2F
2-2: Ball
3-2: Base on Balls
Batting: RHB Ron Elazar 0-0: Ground out 6-3 (Groundball, 6S)
Top of the 3rd over - 1 run, 2 hits, 0 errors, 2 left on base; Irvine 3 - Maui 3
BOTTOM OF THE 3RD
Maui Tropics batting - Pitching for Irvine Gang Green : RHP Jesús De Los Santos
Batting: RHB Jesús Espinoza 0-0: Called Strike
0-1: Ball
1-1: Ball
2-1: SOLO HOME RUN (Flyball, 7D), Distance : 360 ft
Batting: RHB Luis Alou 0-0: SINGLE (Line Drive, 4MD)
Batting: LHB Luis Antonio Torres 0-0: SINGLE (Line Drive, 56D)
Luis Alou to second
Batting: LHB Ernesto López 0-0: Fielders Choice at 2nd, 1-6 (Groundball, 13)
Luis Alou to third
Batting: RHB Michael Woodruff 0-0: Ball
1-0: Called Strike
1-1: Swinging Strike
1-2: Strikes out looking
Batting: RHB Matt Silver 0-0: Fly out, F6 (Popup, 6M)
Bottom of the 3rd over - 1 run, 3 hits, 0 errors, 2 left on base; Irvine 3 - Maui 4
TOP OF THE 4TH
Irvine Gang Green batting - Pitching for Maui Tropics : RHP Cliff Erwin
Batting: RHB José Salazar 0-0: Ball
1-0: Called Strike
1-1: Fly out, F8 (Line Drive, 8LD)
Batting: RHB Ronnie Brown 0-0: Foul Ball, location: 2F
0-1: Foul Ball, location: 2F
0-2: Ball
1-2: Foul Ball, location: 2F
1-2: Foul Ball, location: 2F
1-2: Fly out, F9 (Flyball, 9S)
Batting: RHB Tomás Carranza 0-0: Called Strike
0-1: Foul Ball, location: 2F
0-2: Ball
1-2: Hit by Pitch
Batting: LHB Tony Tavárez 0-0: Foul Ball, location: 2F
0-1: Ball
1-1: Swinging Strike
1-2: Ball
2-2: Strikes out looking
Top of the 4th over - 0 runs, 0 hits, 0 errors, 1 left on base; Irvine 3 - Maui 4
BOTTOM OF THE 4TH
Maui Tropics batting - Pitching for Irvine Gang Green : RHP Jesús De Los Santos
Batting: RHB Bo Vickers 0-0: TRIPLE (Line Drive, 89XD)
Batting: RHB Roberto Gómez 0-0: Ball
1-0: Ball
2-0: Ball
3-0: Base on Balls
Batting: LHB Dave Cook 0-0: Ball
1-0: Called Strike
1-1: Ball
2-1: Called Strike
2-2: Ball
3-2: SINGLE (Line Drive, 6M)
Bo Vickers scores
Roberto Gómez to second
Runner from 2nd tries for 3rd, SAFE, no throw
Batting: RHB Jesús Espinoza 0-0: Ball
1-0: Ball
2-0: Called Strike
2-1: Fly out, F8 (Flyball, 8RS)
Runner from 3rd tags up, SCORES, no throw
Batting: RHB Luis Alou 0-0: Called Strike
0-1: SINGLE (Line Drive, 9LS)
Dave Cook to second
Batting: LHB Luis Antonio Torres 0-0: Called Strike
0-1: Ball
1-1: Grounds into double play, 5-4-3 (Groundball, 5)
Bottom of the 4th over - 2 runs, 3 hits, 0 errors, 1 left on base; Irvine 3 - Maui 6
TOP OF THE 5TH
Irvine Gang Green batting - Pitching for Maui Tropics : RHP Cliff Erwin
Batting: LHB Jeff Daniels 0-0: Ball
1-0: Called Strike
1-1: Ball
2-1: Ball
3-1: Swinging Strike
3-2: Base on Balls
Batting: SHB Nick Cox 0-0: Called Strike
0-1: Ball
1-1: Foul Ball, location: 2F
1-2: Ball
2-2: Foul Ball, location: 2F
2-2: DOUBLE (Flyball, 8RXD)
Jeff Daniels to third
Batting: LHB Víctor Quiñones 0-0: Called Strike
0-1: Fly out, F8 (Flyball, 8RM)
Batting: RHB Carlos García 0-0: Ball
1-0: Ball
2-0: Called Strike
2-1: Ball
3-1: Foul Ball, location: 2F
3-2: Base on Balls
Batting: RHB Ron Elazar 0-0: Ball
1-0: Ball
2-0: Ball
3-0: Called Strike
3-1: Called Strike
3-2: Reached on error, E5 (Groundball, 5)
Jeff Daniels scores
Nick Cox to third
Carlos García to second
Pitching: RHP Denny Green
Batting: RHB José Salazar 0-0: Foul Ball, location: 2F
0-1: Ball
1-1: Swinging Strike
1-2: Grounds into double play, 6-4-3 (Groundball, 6)
Top of the 5th over - 1 run, 1 hit, 1 error, 2 left on base; Irvine 4 - Maui 6
BOTTOM OF THE 5TH
Maui Tropics batting - Pitching for Irvine Gang Green : RHP Jesús De Los Santos
Batting: LHB Ernesto López 0-0: Foul Ball, location: 2F
0-1: Ball
1-1: Ground out 4-3 (Groundball, 34D)
Batting: RHB Michael Woodruff 0-0: Swinging Strike
0-1: Swinging Strike
0-2: Ball
1-2: Foul Ball, location: 2F
1-2: Fly out, F9 (Flyball, 9S)
Batting: RHB Matt Silver 0-0: Ball
1-0: Ball
2-0: Ground out 6-3 (Groundball, 6)
Bottom of the 5th over - 0 runs, 0 hits, 0 errors, 0 left on base; Irvine 4 - Maui 6
TOP OF THE 6TH
Irvine Gang Green batting - Pitching for Maui Tropics : RHP Denny Green
Batting: RHB Ronnie Brown 0-0: Called Strike
0-1: Ball
1-1: Ground out 3-1 (Groundball, 34)
Batting: RHB Tomás Carranza 0-0: Ball
1-0: Ball
2-0: Fly out, F8 (Flyball, 8RM)
Batting: LHB Tony Tavárez 0-0: Ball
1-0: Called Strike
1-1: Fly out, F7 (Flyball, 78M)
Top of the 6th over - 0 runs, 0 hits, 0 errors, 0 left on base; Irvine 4 - Maui 6
BOTTOM OF THE 6TH
Maui Tropics batting - Pitching for Irvine Gang Green : RHP Jesús De Los Santos
Pitching: RHP Brandon Williams
Batting: RHB Bo Vickers 0-0: Ball
1-0: Called Strike
1-1: Ball
2-1: Ball
3-1: Called Strike
3-2: Foul Ball, location: 2F
3-2: Foul Ball, location: 2F
3-2: Foul Ball, location: 2F
3-2: Foul Ball, location: 2F
3-2: Ground out 6-3 (Groundball, 6D)
Batting: RHB Roberto Gómez 0-0: Called Strike
0-1: Fly out, F7 (Flyball, 78M)
Batting: LHB Dave Cook 0-0: Swinging Strike
0-1: Called Strike
0-2: Ball
1-2: Ball
2-2: Strikes out looking
Bottom of the 6th over - 0 runs, 0 hits, 0 errors, 0 left on base; Irvine 4 - Maui 6
TOP OF THE 7TH
Irvine Gang Green batting - Pitching for Maui Tropics : RHP Denny Green
Batting: LHB Jeff Daniels 0-0: Called Strike
0-1: Ball
1-1: Foul Ball, location: 2F
1-2: Ball
2-2: DOUBLE (Line Drive, 89D)
Batting: SHB Nick Cox 0-0: Ground out 5-3 (Groundball, 56)
Batting: LHB Víctor Quiñones 0-0: Swinging Strike
0-1: Ball
Wild Pitch!
Jeff Daniels to third
1-1: Ball
2-1: Ball
3-1: Foul Ball, location: 2F
3-2: Ground out U3 (Groundball, 3)
Batting: RHB Carlos García 0-0: Ball
1-0: Called Strike
1-1: Ball
2-1: Fly out, F8 (Line Drive, 8RD)
Top of the 7th over - 0 runs, 1 hit, 0 errors, 1 left on base; Irvine 4 - Maui 6
BOTTOM OF THE 7TH
Maui Tropics batting - Pitching for Irvine Gang Green : RHP Brandon Williams
Batting: RHB Jesús Espinoza 0-0: Fly out, F9 (Flyball, 9S)
Batting: RHB Luis Alou 0-0: Called Strike
0-1: Swinging Strike
0-2: Strikes out swinging
Pitching: LHP Jaime Guzmán
Batting: LHB Luis Antonio Torres 0-0: Foul Ball, location: 2F
0-1: Ball
1-1: Ball
2-1: Ball
3-1: Ground out 6-3 (Groundball, 6)
Bottom of the 7th over - 0 runs, 0 hits, 0 errors, 0 left on base; Irvine 4 - Maui 6
TOP OF THE 8TH
Irvine Gang Green batting - Pitching for Maui Tropics : RHP Denny Green
Batting: RHB Ron Elazar 0-0: Called Strike
0-1: Ball
1-1: Called Strike
1-2: Foul Ball, location: 2F
1-2: Strikes out looking
Batting: RHB José Salazar 0-0: Ball
1-0: Foul Ball, location: 2F
1-1: Foul Ball, location: 2F
1-2: Fly out, F5 (Line Drive, 56S)
Batting: RHB Ronnie Brown 0-0: Ground out 4-3 (Groundball, 4)
Top of the 8th over - 0 runs, 0 hits, 0 errors, 0 left on base; Irvine 4 - Maui 6
BOTTOM OF THE 8TH
Maui Tropics batting - Pitching for Irvine Gang Green : LHP Jaime Guzmán
Pitching: RHP Raúl Saltines
Batting: LHB Ernesto López 0-0: Called Strike
0-1: Foul Ball, location: 2F
0-2: SOLO HOME RUN (Line Drive, 7LD), Distance : 357 ft
Batting: RHB Michael Woodruff 0-0: Foul Ball, location: 2F
0-1: Ball
1-1: Fly out, F8 (Flyball, 8RM)
Batting: RHB Matt Silver 0-0: Ball
1-0: Called Strike
1-1: Called Strike
1-2: Reached on error, E3 (Groundball, 34)
Batting: RHB Bo Vickers 0-0: Ball
1-0: Foul Ball, location: 2F
1-1: Called Strike
Matt Silver is caught stealing 2nd base
1-2: Foul Ball, location: 2F
1-2: Fly out, F9 (Flyball, 9)
Bottom of the 8th over - 1 run, 1 hit, 1 error, 0 left on base; Irvine 4 - Maui 7
TOP OF THE 9TH
Irvine Gang Green batting - Pitching for Maui Tropics : RHP Denny Green
Batting: RHB Tomás Carranza 0-0: Foul Ball, location: 2F
0-1: Ball
1-1: Foul Ball, location: 2F
1-2: Ball
2-2: Ball
3-2: Foul Ball, location: 2F
3-2: Ground out 6-3 (Groundball, 6)
Batting: LHB Tony Tavárez 0-0: Called Strike
0-1: Ball
1-1: Foul Ball, location: 2F
1-2: Foul Ball, location: 2F
1-2: Ball
2-2: DOUBLE (Line Drive, 78D)
Batting: LHB Jeff Daniels 0-0: Ball
1-0: Ball
2-0: Called Strike
2-1: Fly out, F7 (Flyball, 7S)
Batting: SHB Nick Cox 0-0: Called Strike
0-1: Foul Ball, location: 2F
0-2: Ball
1-2: SINGLE (Groundball, 34D)
Tony Tavárez to third
Pitching: RHP Archie Summers
Batting: LHB Víctor Quiñones 0-0: Ball
1-0: Swinging Strike
1-1: Foul Ball, location: 2F
1-2: Strikes out looking
Top of the 9th over - 0 runs, 2 hits, 0 errors, 2 left on base; Irvine 4 - Maui 7
Saturday, April 7th, 2018 - OOTP Baseball 18.8 Build 76